 Dungeon Crawl Stone Soup version 0.24-a0-117-g53b5160 (webtiles) character file.

Game seed: 0

1703 paperlotus the Ruffian (level 8, 0/79 (80) HPs)
             Began as a Troll Monk on Feb 17, 2019.
             Was a Priest of Makhleb.
             Slain by an orc warrior
             ... wielding a +0 trident
              (15 damage)
             ... on level 7 of the Dungeon on Feb 19, 2019.
             The game lasted 00:14:52 (5198 turns).

paperlotus the Ruffian (Troll Monk)                 Turns: 5198, Time: 00:14:53

HP:   0/79 (80)     AC:  8    Str: 22    XL:     8   Next: 73%
MP:   7/7           EV: 12    Int:  6    God:    Makhleb [***...]
Gold: 325           SH:  0    Dex: 12    Spells: 7/7 levels left

rFire    + . .     SeeInvis +     - Unarmed
rCold    + + .     Gourm    +   (no shield)
rNeg     . . .     Faith    .   v - +1 robe {rC+ rF+}
rPois    .         Spirit   .   (helmet restricted)
rElec    .         Reflect  .   u - +0 cloak
rCorr    .         Harm     .   (gloves unavailable)
MR       .....                  (boots unavailable)
Stlth    ++........             (no amulet)
HPRegen  0.63/turn              l - ring of protection from cold
MPRegen  0.10/turn              o - ring of see invisible

@: no status effects
A: large, unfitting armour, claws 3, fast metabolism 3, gourmand, regeneration
1, shaggy fur 1, tough skin 3
a: Minor Destruction, Lesser Servant of Makhleb, Renounce Religion


You were on level 7 of the Dungeon.
You worshipped Makhleb.
Makhleb was most pleased with you.
You were not hungry.

You visited 1 branch of the dungeon, and saw 7 of its levels.

You collected 325 gold pieces.

Inventory:

Armour
 a - a +0 robe
 u - a +0 cloak (worn)
 v - a +1 robe of resistance (worn)
 C - a +0 pair of boots
Jewellery
 c - an uncursed amulet of regeneration {unknown}
 l - a ring of protection from cold (left claw)
 o - a ring of see invisible (right claw)
Wands
 e - a wand of polymorph (11)
 t - a wand of disintegration (21)
 y - a wand of acid (8)
 D - a wand of flame (20)
Scrolls
 f - a scroll of noise {unknown}
 g - a scroll of blinking {unknown}
 h - 2 scrolls of magic mapping
 j - 2 scrolls of teleportation {unknown}
 k - a scroll of fear {unknown}
 p - 2 scrolls of enchant armour {unknown}
 r - a scroll of enchant weapon {unknown}
 s - a scroll of fog {unknown}
 w - 2 scrolls of identify
 A - a scroll of random uselessness {unknown}
 E - a scroll of remove curse
Potions
 d - a potion of agility
 i - 2 potions of haste
 m - 4 potions of magic
 n - 2 potions of cancellation
 q - 3 potions of brilliance
 x - a potion of degeneration {unknown}
 z - 2 potions of mutation {unknown}
 B - a potion of heal wounds {unknown}
Comestibles
 b - 15 rations


   Skills:
 + Level 5.2 Fighting
 + Level 5.2 Dodging
 + Level 3.6 Stealth
 + Level 6.3 Unarmed Combat


You had 7 spell levels left.
You didn't know any spells.
Your spell library contained the following spells:

 Spells                   Type           Power        Failure   Level  Hunger
 Confusing Touch          Hex            #.....       45%         1    ##.....
 Confuse                  Hex            #.......     83%         3    ####...
 Gell's Gravitas          Tloc           #.........   83%         3    ####...
 Petrify                  Tmut/Erth      #.......     99%         4    #####..
 Metabolic Englaciation   Hex/Ice        #.........   100%        5    ######.
 Yara's Violent Unravell  Hex/Tmut       #.........   100%        5    ######.


Dungeon Overview and Level Annotations

Branches:
Dungeon (7/15)             Temple (0/1) D:5

Altars:
Cheibriados
Dithmenos
Hepliaklqana
Makhleb
Okawaru
Qazlal
Sif Muna
Wu Jian
Zin

Shops:
D:5 [%=}


Innate Abilities, Weirdness & Mutations

You are too large for most types of armour.
You have claws for hands.
Your metabolism is lightning-fast.
You like to eat raw meat.
Your natural rate of healing is unusually fast.
You are covered in fur. (AC +1)
You have extremely tough skin. (AC +3)


Message History

You are too injured to fight recklessly!
You are too injured to fight recklessly!
You are too injured to fight recklessly!
You are too injured to fight recklessly!
You are too injured to fight recklessly!
You are too injured to fight recklessly!
You scratch the orc warrior but do no damage.
You completely miss the orc warrior.
The orc warrior hits you with a +0 trident!
* * * LOW HITPOINT WARNING * * *
You scratch the orc warrior but do no damage.
The orc warrior hits you but does no damage.
You claw the orc warrior!
The orc warrior is heavily wounded.
The orc warrior hits you with a +0 trident!
* * * LOW HITPOINT WARNING * * *
You barely miss the orc warrior.
The orc warrior is heavily wounded.
The orc warrior hits you with a +0 trident!
You die...

#.######## #...<....#
#........# #........#
#........# .
#........#### #.
#...((......#### ..
#..)..o@.((...†## ###.#
#........#.###).## #....
#........#...##..###....
############...#..##....
###.##..#....
#.###...... ##.##.......
#.......####
#.#.###.....


You could see an orc warrior.

Vanquished Creatures
  A water moccasin (D:6)
  An ice beast (D:6)
  A necrophage (D:7)
  2 ogres
  2 centaurs
  2 bullfrogs
  2 scorpions
  A centaur zombie (D:6)
  A crimson imp (D:7)
  A quasit (D:7)
  A bullfrog zombie (D:5)
  A bullfrog skeleton (D:5)
  4 iguanas
  3 orc priests
  6 orc wizards
  5 worker ants
  Robin (D:4)
  3 gnolls (D:4)
  5 adders
  3 shadow imps
  An ooze (D:1)
  An adder zombie (D:6)
  4 worms
  2 dart slugs (D:2)
  4 leopard geckos
  17 orcs
  7 bats
  4 giant cockroaches
  14 goblins
  11 hobgoblins
  2 jackals (D:3)
  4 quokkas
  2 ball pythons (D:2)
  8 frilled lizards
  5 kobolds
  A leopard gecko skeleton (D:5)
  8 rats
141 creatures vanquished.

Notes
Turn   | Place    | Note
-------+----------+-------------------------------------------
     0 | D:1      | paperlotus the Troll Monk began the quest for the Orb.
     0 | D:1      | Reached XP level 1. HP: 22/22 MP: 0/0
   283 | D:1      | Reached XP level 2. HP: 29/29 MP: 1/1
   716 | D:1      | Reached XP level 3. HP: 36/36 MP: 2/2
  1109 | D:2      | Reached XP level 4. HP: 43/44 MP: 3/3
  1197 | D:2      | Found a stormy altar of Qazlal.
  2028 | D:3      | Found a burning altar of Makhleb.
  2028 | D:3      | Found a snail-covered altar of Cheibriados.
  2040 | D:3      | Became a worshipper of Makhleb the Destroyer
  2040 | D:3      | Reached * piety under Makhleb
  2040 | D:3      | Reached ** piety under Makhleb
  2417 | D:4      | Noticed Robin
  2421 | D:4      | Killed Robin
  2421 | D:4      | Reached XP level 5. HP: 31/53 MP: 4/4
  2448 | D:4      | Reached skill level 4 in Unarmed Combat
  2741 | D:4      | Noticed an ogre
  2742 | D:4      | Reached XP level 6. HP: 61/61 MP: 5/5
  2773 | D:4      | HP: 3/62 [gnoll/+0 spear (2)]
  2988 | D:4      | Found a glowing silver altar of Zin.
  3071 | D:4      | Found a shadowy altar of Dithmenos.
  3097 | D:4      | Found a hazy altar of Hepliaklqana.
  3354 | D:4      | Found an ornate altar of the Wu Jian Council.
  3431 | D:5      | Entered Level 5 of the Dungeon
  3477 | D:5      | Reached XP level 7. HP: 63/68 MP: 6/6
  3653 | D:5      | Reached skill level 5 in Unarmed Combat
  3672 | D:5      | Found Resh's Jewellery Boutique.
  3692 | D:5      | Found Ussocyurr's Gadget Shoppe.
  3697 | D:5      | Found a staircase to the Ecumenical Temple.
  3711 | D:5      | Reached *** piety under Makhleb
  3826 | D:5      | Found Ycug's Antique Armour Shop.
  4086 | D:5      | Found Becomoy's Food Boutique.
  4376 | D:6      | Reached XP level 8. HP: 79/79 MP: 7/7
  4561 | D:6      | Found a deep blue altar of Sif Muna.
  4679 | D:6      | Found an iron altar of Okawaru.
  5110 | D:7      | Reached skill level 5 in Dodging
  5110 | D:7      | Reached skill level 6 in Unarmed Combat
  5117 | D:7      | Reached skill level 5 in Fighting
  5198 | D:7      | Slain by an orc warrior

Levels and vault maps discovered:
D:1:      dpeg_arrival_three_same_balls, layout_loops_corners, st_stairs_4,
          serial_bayou_pond_c
D:2:      wander_river, layout_loops_ring, overflow_temple_1_default
D:3:      layout_loops_ring, gammafunk_temple_overflow_pools, dk_noncrumbling_4
D:4:      layout_basic, nicolae_overflow_hidden_temple, lemuel_round_altar,
          lemuel_round_altar, first_ration, st_stairs_3, serial_park_tiny_1,
          uniq_robin
D:5:      layout_loops_ring, minmay_temple_entry_mini_moons, serial_shops,
          kennysheep_little_box, shop, nicolae_shop_crystal, shop_fountains,
          minivault_14, serial_bayou_ford_a, corexii_shack
D:6:      layout_basic, led_sif_pool, overflow_temple_1_default
D:7:      layout_rooms, enter_ossuary_4

Skill      XL: |  1  2  3  4  5  6  7  8 |
---------------+-------------------------+-----
Dodging        | 3 4 5 |  5.2
Fighting       | 3 4 5 |  5.2
Unarmed Combat | 4 5 6 |  6.3
Stealth        | 2 3 |  3.6

Action                   |  1- 3 |  4- 6 |  7- 9 || total
-------------------------+-------+-------+-------++-------
Melee: Unarmed           |    90 |   194 |   158 ||   442
       Punch             |       |     6 |     4 ||    10
  Use: Scroll            |       |     8 |       ||     8
 Stab: Sleeping          |     5 |     2 |     6 ||    13
       Distracted        |     1 |       |       ||     1
  Eat: Chunk             |    16 |    18 |    15 ||    49
Armor: Robe              |    27 |    55 |    43 ||   125
Dodge: Dodged            |    37 |   107 |    60 ||   204

Table legend:
 A = Non-vault XP
 B = Vault XP
 C = Vault XP percentage of total XP
 D = Non-vault monster count
 E = Vault monster count
 F = Vault count percentage of total count
                 A         B        C        D         E       F
            +---------+---------+-------+---------+---------+-------
      Total |    2267 |     167 |   6.9 |     125 |      16 |  11.3
            +---------+---------+-------+---------+---------+-------
        D:1 |      45 |       3 |   6.2 |      22 |       2 |   8.3
        D:2 |      83 |       0 |   0.0 |      26 |       0 |   0.0
        D:3 |      40 |       0 |   0.0 |      17 |       0 |   0.0
        D:4 |     340 |     163 |  32.4 |      13 |      13 |  50.0
        D:5 |     509 |       1 |   0.2 |      22 |       1 |   4.3
        D:6 |     785 |       0 |   0.0 |      16 |       0 |   0.0
        D:7 |     465 |       0 |   0.0 |       9 |       0 |   0.0
            +---------+---------+-------+---------+---------+-------
